 Dungeon Crawl Stone Soup version 0.23-a0-554-gd3cbc84 (webtiles) character file.

214 Fistula the Vexing (level 5, -4/24 HPs)
             Began as a Spriggan Enchanter on Dec 11, 2018.
             Splashed by Ijyb's acid (12 damage)
             ... on level 3 of the Dungeon.
             The game lasted 00:11:56 (4332 turns).

Fistula the Vexing (Spriggan Enchanter)             Turns: 4332, Time: 00:11:56

Health: -4/24      AC:  2    Str:  5    XL:     5   Next: 59%
Magic:  10/12      EV: 18    Int: 17    God:
Gold:   88         SH:  0    Dex: 16    Spells: 6/12 levels left

rFire    . . .     SeeInvis +   a - +1 dagger
rCold    . . .     Gourm    .   (shield restricted)
rNeg     . . .     Faith    .   b - +0 robe
rPois    .         Spirit   .   (helmet restricted)
rElec    .         Reflect  .   (no cloak)
rCorr    .         Harm     .   (gloves unavailable)
MR       .....                  (boots unavailable)
Stlth    +++.......             (no amulet)
HPRegen  0.08/turn              (no ring)
MPRegen  0.13/turn              (no ring)

@: very quick
A: very small, unfitting armour, see invisible, herbivore, speed 3, slow
metabolism 2
a: no special abilities


You were on level 3 of the Dungeon.
You were not hungry.

You visited 1 branch of the dungeon, and saw 3 of its levels.

You collected 88 gold pieces.

Inventory:

Hand Weapons
 a - a +1 dagger (weapon)
Missiles
 f - 125 stones (quivered)
 p - 11 poisoned needles
Armour
 b - a +0 robe (worn)
Scrolls
 c - 4 scrolls of identify {unknown}
 e - 2 scrolls of noise {unknown}
 g - 2 scrolls of amnesia {unknown}
 h - 2 scrolls of teleportation {unknown}
 i - 2 scrolls of remove curse {unknown}
 j - a scroll of random uselessness {unknown}
 l - a scroll of fear {unknown}
 n - a scroll of fog {unknown}
Potions
 k - a potion of curing
 m - a potion of degeneration {unknown}
 o - a potion of might {unknown}
Comestibles
 d - 2 rations


   Skills:
 + Level 2.7 Short Blades
 - Level 0.1 Throwing
 - Level 3.0 Dodging
 - Level 4.4 Stealth
 + Level 4.2 Spellcasting
 + Level 4.8 Hexes
 * Level 2.4 Ice Magic


You had 6 spell levels left.
You knew the following spells:

 Your Spells              Type           Power        Failure   Level  Hunger
a - Corona                Hex            ###....      2%          1    None
b - Ensorcelled Hibernat  Hex/Ice        ###...       5%          2    ##.....
c - Confuse               Hex            ###.....     6%          3    ###....

Your spell library contained the following spells:

 Spells                   Type           Power        Failure   Level  Hunger
 Tukima's Dance           Hex            ###.....     6%          3    ###....
 Dazzling Spray           Conj/Hex       ##....       17%         3    ###....


Dungeon Overview and Level Annotations

Branches:
Dungeon (3/15)

Altars:

Annotations:
D:3 Ijyb


Innate Abilities, Weirdness & Mutations

You are very small and have problems with some larger weapons.
You are too small for most types of armour.
You have supernaturally acute eyesight. (SInv)
You are a herbivore.
You cover ground extremely quickly.
You need to consume almost no food.


Message History

No target in view!
No target in view!
You see here a rat corpse.
There is an open door here.
Ijyb the Twisted Goblin comes into view.
She is wielding a +0 club, wearing a An adder and a hobgoblin come into view.
Ijyb zaps a wand.
The bolt of acid misses you.
There is an open door here.
A hobgoblin comes into view.
Casting: Ensorcelled Hibernation (safe; 5% risk of failure)
Confirm with . or Enter, or press ? or * to list all spells.
Aiming: Ensorcelled Hibernation (safe; 5% risk of failure)
Press: ? - help, Shift-Dir - straight line, f - Ijyb
Aim: Ijyb, wielding a +0 club, wearing a +2 leather armour of poison resistance Ijyb resists with significant effort.
Ijyb zaps a wand.
The bolt of acid hits you!
Ouch! That really hurt!
You are splashed with acid!
The acid burns!
Ouch! That really hurt!
You die...

....##
...... ..
... ......
g.#####.#
.....#
........#
.....#
........#
.....#
........#
.....#
........##
).....
.........#
###'##
#@.# ..
##.# ###.#
##g#.#
##..#g#
#...'.#
#....#.#
#..S..#.#
#....##.#


You could see Ijyb and a hobgoblin (sleeping).

Vanquished Creatures
  Jessica (D:3)
  Natasha (thrice) (D:2)
  An adder (D:3)
  An ooze (D:3)
  3 worms
  3 dart slugs
  2 leopard geckos (D:2)
  2 orcs
  5 bats
  8 giant cockroaches
  13 goblins
  11 hobgoblins
  6 jackals (D:2)
  7 frilled lizards
  8 kobolds
  7 rats
81 creatures vanquished.

Notes
Turn   | Place    | Note
-------+----------+-------------------------------------------
     0 | D:1      | Fistula the Spriggan Enchanter began the quest for the Orb.
     0 | D:1      | Reached XP level 1. HP: 9/9 MP: 5/5
   290 | D:1      | Reached XP level 2. HP: 13/13 MP: 7/7
   294 | D:1      | Learned a level 2 spell: Ensorcelled Hibernation
  1125 | D:1      | Reached XP level 3. HP: 16/16 MP: 8/8
  1217 | D:2      | Learned a level 3 spell: Confuse
  1257 | D:2      | Reached skill level 1 in Ice Magic
  2327 | D:2      | Reached XP level 4. HP: 21/21 MP: 5/10
  2469 | D:2      | Noticed Natasha
  2495 | D:2      | Killed Natasha
  2542 | D:2      | Noticed Natasha
  2762 | D:2      | Killed Natasha
  2882 | D:2      | Noticed Natasha
  3104 | D:2      | Killed Natasha
  3104 | D:2      | Reached XP level 5. HP: 24/24 MP: 8/11
  4125 | D:3      | Noticed Jessica
  4129 | D:3      | Killed Jessica
  4324 | D:3      | Noticed Ijyb
  4332 | D:3      | Splashed by Ijyb's acid

Vault maps used:
D:1:      dpeg_arrival_pond, serial_forest, infiniplex_forest_end_1,
          infiniplex_forest_clump_double, infiniplex_forest_clump_long,
          infiniplex_forest_clump_small, infiniplex_forest_clump_medium
D:2:      roderic_serpentine_path, uniq_natasha
D:3:      first_ration, minmay_quadrilaterals, uniq_ijyb, uniq_jessica

Skill      XL: |  1  2  3  4  5 |
---------------+----------------+-----
Spellcasting   | 3 4 |  4.2
Hexes          | 4 |  4.8
Ice Magic      | 1 2 |  2.4
Short Blades   | 2 |  2.7
Throwing       | |  0.1
Dodging        | |  3.0
Stealth        | |  4.4

Action                   |  1- 3 |  4- 6 || total
-------------------------+-------+-------++-------
Melee: Dagger            |   220 |   123 ||   343
Throw: Stone             |     7 |    24 ||    31
 Cast: Ensorcelled Hiber |    17 |    25 ||    42
  Use: Potion            |       |     4 ||     4
 Stab: Sleeping          |    22 |    11 ||    33
  Eat: Ration            |       |     2 ||     2
Armor: Robe              |    25 |     7 ||    32
       Skin              |       |    34 ||    34
Dodge: Dodged            |   163 |    80 ||   243

Table legend:
 A = Non-vault XP
 B = Vault XP
 C = Vault XP percentage of total XP
 D = Non-vault monster count
 E = Vault monster count
 F = Vault count percentage of total count
                 A         B        C        D         E       F
            +---------+---------+-------+---------+---------+-------
      Total |     235 |      71 |  23.2 |      78 |       3 |   3.7
            +---------+---------+-------+---------+---------+-------
        D:1 |      44 |       0 |   0.0 |      25 |       0 |   0.0
        D:2 |     138 |      33 |  19.3 |      36 |       1 |   2.7
        D:3 |      53 |      38 |  41.8 |      17 |       2 |  10.5
            +---------+---------+-------+---------+---------+-------
